 Dungeon Crawl Stone Soup version 0.28.0 (webtiles) character file.

Game seed: 14013383131908657962

392 CUspacecowboy the Ruffian (level 6, -5/61 HPs)
             Began as a Troll Chaos Knight on Feb 16, 2022.
             Was a Plaything of Xom.
             Slain by a redback (glowing shapeshifter) (8 damage)
             ... on level 5 of the Dungeon.
             The game lasted 00:14:28 (3293 turns).

CUspacecowboy the Ruffian (Troll Chaos Knight)      Turns: 3293, Time: 00:14:28

Health: -5/61      AC: 15    Str: 23    XL:     6   Next: 51%
Magic:  5/5        EV:  1    Int:  8    God:    Xom [....*.]
Gold:   157        SH:  0    Dex:  9    Spells: 5/5 levels left

rFire   + . .      SeeInvis .   g - +4 quarterstaff (chaos)
rCold   + . .      Faith    .   (shield currently unavailable)
rNeg    . . .      Spirit   .   r - +0 gold dragon scales
rPois   +          Reflect  .   (helmet restricted)
rElec   .          Harm     .   h - +0 cloak
rCorr   .          Rampage  .   (gloves unavailable)
Will    .....                   (boots unavailable)
Stlth   ..........              (no amulet)
HPRegen 1.00/turn               (no ring)
MPRegen 0.09/turn               (no ring)

@: no status effects
A: large, unfitting armour, claws 3, regeneration 1, shaggy fur 1, tough skin 1,
poison resistance
a: Renounce Religion


You were on level 5 of the Dungeon.
You worshipped Xom.
You were a beloved toy of Xom.
You visited 1 branch of the dungeon, and saw 5 of its levels.

You collected 157 gold pieces.

Inventory:

Hand Weapons
 g - a +4 quarterstaff of chaos (weapon)
 s - the +8 hunting sling of the Destroying Sybil {freeze, rCorr MP+9 Dex+3}
   (You found it on level 3 of the Dungeon)

   Any ammunition fired from it freezes those it strikes, dealing additional
   cold damage.
   It can also slow down cold-blooded creatures.
   Dex:       It affects your dexterity (+3).
   MP:        It affects your magic capacity (+9).
   rCorr:     It protects you from acid and corrosion.
 w - a +0 fustibalus
Missiles
 v - 52 stones (quivered)
 x - 11 sling bullets
Armour
 a - a +2 robe
 h - a +0 cloak (worn)
 r - +0 gold dragon scales (worn)
Wands
 u - a wand of flame (22)
 A - a wand of charming (14)
Scrolls
 b - 2 scrolls of blinking {unknown}
 c - a scroll of immolation {unknown}
 d - 2 scrolls of enchant weapon {unknown}
 e - 2 scrolls of enchant armour {unknown}
 i - 2 scrolls of identify {unknown}
 j - a scroll of amnesia {unknown}
 o - a scroll of teleportation {unknown}
 q - 2 scrolls of noise {unknown}
 t - a scroll of magic mapping {unknown}
 y - a scroll of fog {unknown}
Potions
 f - a potion of curing {unknown}
 k - 3 potions of degeneration {unknown}
 l - a potion of resistance {unknown}
 m - a potion of haste {unknown}
 n - a potion of lignification {unknown}
 p - a potion of heal wounds {unknown}
 z - a potion of invisibility {unknown}


   Skills:
 + Level 3.3 Fighting
 + Level 2.8 Staves
 + Level 0.5 Armour
 + Level 3.1 Dodging
 + Level 0.2 Stealth
 + Level 4.4 Unarmed Combat


You had 5 spell levels left.
You didn't know any spells.
Your spell library contained the following spells:

 Spells                   Type           Power      Damage    Failure   Level
 Blink                    Tloc           0%         N/A       100%        2
 Animate Dead             Necr           0%         N/A       100%        4
 Borgnjor's Vile Clutch   Necr/Erth      0%         N/A       100%        5
 Manifold Assault         Tloc           0%         N/A       100%        5
 Death Channel            Necr           0%         N/A       100%        6
 Storm Form               Tmut/Air       0%         N/A       100%        7


Dungeon Overview and Level Annotations

Branches:
Dungeon (5/15)
 Temple: D:4-7

Altars:
Cheibriados
Kikubaaqudgha
Wu Jian


Innate Abilities, Weirdness & Mutations

You are too large for most types of armour.
You have claws for hands.
Your natural rate of healing is unusually fast.
You are covered in fur. (AC +1)
You have tough skin. (AC +1)
Your system is resistant to poisons. (rPois)


Message History

Lightning courses through the torpor snail!
The torpor snail is heavily wounded.
The torpor snail changes into a water nymph!
The centaur unwields a +0 shortbow.
The centaur hits you.
* * * LOW HITPOINT WARNING * * *
The centaur kicks you but does no damage.
The centaur hits you but does no damage.
The centaur kicks you but does no damage.
The orc priest hits the water nymph with a +0 hand axe.
The orc priest hits your shadow imp but does no damage.
The orc priest hits itself with a +0 hand axe.
You sock the orc!
You kill the orc!
The centaur hits you but does no damage.
The centaur kicks you but does no damage.
The centaur hits you but does no damage.
The centaur barely misses you.
You hit the centaur.
The centaur is moderately wounded. "Burn, baby, burn!"
The fireball engulfs the orc!!
The orc dies!
The fireball engulfs your shadow imp!
Your shadow imp dies!
Your shadow imp degenerates into a cloud of primal chaos!
The water nymph changes into a redback!
The centaur completely misses you.
The centaur kicks you but does no damage.
You hit the centaur. You freeze the centaur.
The centaur is severely wounded.
The centaur hits you.
* * * LOW HITPOINT WARNING * * *
The centaur kicks you but does no damage.
The redback bites you.
* * * LOW HITPOINT WARNING * * *
The centaur hits you but does no damage.
The centaur kicks you but does no damage.
Okay, then.
The redback bites you!
You die...
Xom snickers!

#.......#
#.##.##.#
#.##.##.#
#.......#
#########
#.......#
#.......#
#.##.##.#
#.......#
#.##.##.#
#.......#
#.##.##.#
#.......##
#.......#
#....@...#
####.####
#...)sc..#
#.#
#..$.o...#
#.#
##.##.##.#
#.#
#...ยง...#
#.#
####)####
#.####
###.....#
#....#
#...$...#
####.#
#.#.....#


You could see a redback shaped shifter, a centaur and an orc priest (confused).

Vanquished Creatures
  A scorpion (D:5)
  A water moccasin zombie (D:4)
  Crazy Yiuf (D:2)
  Natasha (thrice) (D:2)
  A hound skeleton (D:4)
  Robin (D:3)
  3 adders
  A howler monkey skeleton (D:4)
  2 adder skeletons (D:4)
  3 worms
  2 dart slugs
  2 orcs
  3 ball pythons
  7 bats
  8 endoplasms
  5 giant cockroaches
  11 goblins
  11 hobgoblins
  6 jackals (D:1)
  2 quokkas
  6 frilled lizards
  7 kobolds
  6 rats
93 creatures vanquished.

Vanquished Creatures (others)
  An orc (D:5)
  A demonic plant (D:3)
  2 fungi (D:3)
  A plant (D:3)
  A withered plant (D:3)
6 creatures vanquished.

Grand Total: 99 creatures vanquished

Notes
Turn   | Place    | Note
-------+----------+-------------------------------------------
     0 | D:1      | CUspacecowboy the Troll Chaos Knight began the quest for
                  | the Orb.
     0 | D:1      | Reached XP level 1. HP: 22/22 MP: 0/0
    44 | D:1      | Reached XP level 2. HP: 29/29 MP: 1/1
    88 | D:1      | You fall into a shaft and drop 1 floor!
   129 | D:2      | XOM: potion effect (might)
   296 | D:2      | Reached XP level 3. HP: 32/36 MP: 2/2
   448 | D:2      | Found a runed translucent door.
   449 | D:2      | Noticed Crazy Yiuf
   454 | D:2      | Killed Crazy Yiuf
   662 | D:2      | Noticed Natasha
   670 | D:2      | Killed Natasha
   671 | D:2      | Reached skill level 4 in Unarmed Combat
   671 | D:2      | Reached XP level 4. HP: 41/45 MP: 3/3
   713 | D:2      | XOM: silly message
   761 | D:2      | Noticed Natasha
   764 | D:2      | Killed Natasha
   857 | D:1      | XOM: smoke on damage
  1007 | D:1      | Reached XP level 5. HP: 53/53 MP: 4/4
  1408 | D:2      | XOM: give mutation
  1408 | D:2      | Gained mutation: Your system is resistant to poisons.
                  | (rPois) [Xom's grace]
  1425 | D:2      | Noticed Natasha
  1430 | D:2      | Killed Natasha
  1431 | D:2      | Reached skill level 1 in Staves
  1523 | D:3      | Found a faded altar of an unknown god.
  1696 | D:3      | XOM: 1-stop teleportation journey
  1767 | D:3      | Identified the +8 hunting sling of the Destroying Sybil
                  | {freeze, rCorr MP+9 Dex+3}
  1936 | D:3      | Noticed Robin
  1941 | D:3      | Killed Robin
  2465 | D:4      | Found a snail-covered altar of Cheibriados.
  2555 | D:4      | XOM is BORED!
  2575 | D:4      | Reached XP level 6. HP: 61/61 MP: 5/5
  2616 | D:4      | XOM: cleaving
  2997 | D:4      | Found an ancient bone altar of Kikubaaqudgha.
  3073 | D:4      | Found an ornate altar of the Wu Jian Council.
  3232 | D:5      | Entered Level 5 of the Dungeon
  3278 | D:5      | Noticed a glowing shapeshifter
  3278 | D:5      | an adder changed into a glowing shapeshifter
  3278 | D:5      | XOM: polymorph adder -> glowing shapeshifter
  3278 | D:5      | Noticed a slime creature
  3278 | D:5      | a glowing shapeshifter changed into a slime creature
  3282 | D:5      | XOM: summons friendly shadow imp
  3283 | D:5      | Noticed a glowing shapeshifter
  3283 | D:5      | Noticed a water nymph
  3283 | D:5      | a glowing shapeshifter changed into a water nymph
  3285 | D:5      | XOM: swap monsters
  3288 | D:5      | Noticed a torpor snail
  3288 | D:5      | a water nymph changed into a torpor snail
  3289 | D:5      | Noticed a water nymph
  3289 | D:5      | a torpor snail changed into a water nymph
  3291 | D:5      | XOM: destruction
  3291 | D:5      | Noticed a redback
  3291 | D:5      | a water nymph changed into a redback
  3292 | D:5      | HP: 2/61 [redback (glowing shapeshifter) (6)]
  3293 | D:5      | Slain by a redback (glowing shapeshifter)

Illustrated notes

Levels and vault maps discovered:
D:1:      dpeg_arrival_line_fractal, layout_rooms, serial_rivers,
          chequers_serial_rivers_marsh, chequers_serial_rivers_micro_a,
          chequers_serial_rivers_small_3, chequers_serial_rivers_small_b,
          chequers_serial_rivers_marsh, chequers_serial_rivers_micro_e
D:2:      layout_basic, minmay_misc_feat_columns, minmay_fountain_box,
          wander_ebering_terrifying_dragon_lair, uniq_crazy_yiuf_cottage,
          uniq_natasha
D:3:      layout_loops_ring, shapermc_ecumenical_altar_gd, minivault_24,
          uniq_robin
D:4:      layout_basic, kennysheep_mini_moat, chei_slow_surprise,
          mainiacjoe_overflow_catwalk
D:5:      layout_loops_cross, grunt_temple_overflow_bloody_war,
          mainiacjoe_overflow_alcove_2

Skill      XL: |  1  2  3  4  5 |
---------------+----------------+-----
Dodging        | 2 3 |  3.1
Fighting       | 3 |  3.3
Unarmed Combat | 4 |  4.4
Staves         | 2 |  2.8
Armour         | |  0.5
Stealth        | |  0.2

Action                   |  1- 3 |  4- 6 || total
-------------------------+-------+-------++-------
Melee: Unarmed           |    53 |       ||    53
       Quarterstaff      |     7 |   166 ||   173
Throw: Stone             |       |     1 ||     1
Armor: Robe              |    24 |    40 ||    64
       Gold dragon scale |       |    77 ||    77
Dodge: Dodged            |    35 |    43 ||    78
